[ PARTIDA AOE2 · #505552958 ]
UnrankedMongoles vs Cumans
Equipo del jugador · VICT
Equipo rival · DERR
[ ANÁLISIS DE REPETICIÓN · EXTRAÍDO DE LA PARTIDA GRABADA ]
Feudal
8:02
Castillos
22:08
Imperial
—
| APM promedio | 64.5 |
| APM pico | 125 |
| eAPM promedio | 29.1 |
| Aldeanos / militares | 119 / 80 |
Foco
⚔️ 38.0% · 🌾 62.0%
Archer ×42 · Cavalry Archer ×20 · Monk ×9 · Militia ×5 · Mangudai ×2 · Mangonel ×1
Feudal
8:51
Castillos
23:26
Imperial
—
| APM promedio | 64.5 |
| APM pico | 121 |
| eAPM promedio | 25.7 |
| Aldeanos / militares | 69 / 81 |
Foco
⚔️ 26.9% · 🌾 73.1%
Knight ×70 · Camel Scout ×11
Mapa de la partida
Recursos iniciales + cada clic de construcción. Líneas = muros · curvas = relieve. ◆ oro · ⬟ piedra · ● bayas · ✦ reliquia · ◌ hueco del cierre
Tu base· Abierta — hueco de 6t
Base de Thomas Sankara· Abierta — hueco de 3t
Terreno inicial suavizado · ◌ = hueco del cierre detectado · pasá el cursor para detalles
Inputs por minuto
— La Lisandreta - - Thomas Sankara
Build order — La Lisandreta
Primeras 150 de 355 acciones detectadas
| 0:00 | Encolar | Villager (Male) ×4 |
| 0:01 | Encolar | Villager (Male) ×4 |
| 0:02 | Construir | House |
| 0:03 | Construir | House |
| 1:29 | Encolar | Villager (Male) |
| 1:59 | Encolar | Villager (Male) |
| 1:59 | Encolar | Villager (Male) |
| 2:11 | Construir | Lumber Camp |
| 2:24 | Encolar | Villager (Male) |
| 2:28 | Encolar | Villager (Male) |
| 2:50 | Encolar | Villager (Male) |
| 3:11 | Encolar | Villager (Male) |
| 3:51 | Construir | House |
| 3:55 | Encolar | Villager (Male) |
| 4:25 | Encolar | Villager (Male) |
| 4:44 | Construir | Barracks |
| 4:46 | Encolar | Villager (Male) |
| 5:05 | Encolar | Villager (Male) |
| 5:13 | Construir | House |
| 5:39 | Investigar | Loom |
| 5:52 | Investigar | Feudal Age |
| 6:10 | Construir | Mining Camp |
| 6:14 | Encolar | Militia |
| 6:14 | Encolar | Militia |
| 6:33 | Encolar | Militia |
| 6:33 | Encolar | Militia |
| 6:53 | Encolar | Militia |
| 7:43 | Construir | House |
| 8:02 | Edad | Edad Feudal |
| 8:02 | Encolar | Villager (Male) |
| 8:06 | Investigar | Man-at-Arms (upgrade) |
| 8:14 | Construir | Archery Range |
| 8:27 | Encolar | Villager (Male) |
| 8:33 | Investigar | Loom |
| 8:59 | Encolar | Villager (Male) |
| 9:18 | Encolar | Villager (Male) |
| 9:26 | Construir | House |
| 9:33 | Encolar | Archer |
| 9:34 | Encolar | Archer |
| 9:35 | Construir | House |
| 9:42 | Encolar | Villager (Male) |
| 9:50 | Construir | Mill |
| 9:56 | Encolar | Villager (Male) |
| 9:59 | Construir | Outpost |
| 10:04 | Construir | House |
| 10:15 | Encolar | Villager (Male) |
| 10:20 | Construir | House |
| 10:28 | Encolar | Archer |
| 10:28 | Encolar | Archer |
| 10:36 | Encolar | Villager (Male) |
| 10:37 | Construir | Farm |
| 10:39 | Construir | House |
| 10:40 | Construir | Palisade Wall |
| 10:50 | Encolar | Villager (Male) |
| 11:05 | Encolar | Villager (Male) |
| 11:06 | Construir | Farm |
| 11:22 | Encolar | Villager (Male) |
| 11:28 | Investigar | Double-Bit Axe |
| 11:29 | Investigar | Double-Bit Axe |
| 11:41 | Construir | House |
| 11:43 | Encolar | Villager (Male) |
| 11:59 | Encolar | Archer |
| 12:03 | Encolar | Villager (Male) |
| 12:16 | Construir | Farm |
| 12:20 | Encolar | Archer |
| 12:35 | Construir | House |
| 12:37 | Construir | Palisade Wall |
| 12:43 | Construir | Watch Tower |
| 12:46 | Encolar | Villager (Male) |
| 12:48 | Construir | Farm |
| 12:51 | Construir | House |
| 12:54 | Construir | Stone Wall |
| 12:55 | Construir | Stone Wall |
| 13:00 | Construir | Stone Wall |
| 13:08 | Encolar | Archer |
| 13:22 | Encolar | Villager (Male) |
| 13:25 | Construir | Blacksmith |
| 13:36 | Encolar | Villager (Male) |
| 13:46 | Encolar | Villager (Male) |
| 13:48 | Construir | Farm |
| 13:49 | Construir | Farm |
| 13:59 | Encolar | Villager (Male) |
| 14:01 | Encolar | Archer |
| 14:11 | Encolar | Villager (Male) |
| 14:20 | Construir | House |
| 14:24 | Construir | House |
| 14:26 | Construir | Farm |
| 14:29 | Construir | Farm |
| 14:38 | Encolar | Villager (Male) |
| 14:45 | Construir | House |
| 14:52 | Construir | Mining Camp |
| 14:53 | Encolar | Villager (Male) |
| 15:22 | Encolar | Villager (Male) |
| 15:23 | Construir | Farm |
| 15:24 | Construir | Farm |
| 15:31 | Encolar | Archer |
| 15:31 | Encolar | Archer |
| 15:52 | Construir | House |
| 15:53 | Construir | Palisade Wall |
| 15:54 | Construir | Palisade Wall |
| 16:00 | Encolar | Villager (Male) |
| 16:23 | Encolar | Villager (Male) |
| 16:46 | Encolar | Archer |
| 16:53 | Encolar | Villager (Male) |
| 17:02 | Construir | Watch Tower |
| 17:06 | Encolar | Villager (Male) |
| 17:13 | Encolar | Villager (Male) |
| 17:16 | Construir | Farm |
| 17:56 | Construir | Watch Tower |
| 18:03 | Construir | Mining Camp |
| 18:11 | Construir | House |
| 18:13 | Encolar | Villager (Male) |
| 18:19 | Construir | Market |
| 19:28 | Investigar | Castle Age |
| 19:36 | Construir | Archery Range |
| 19:37 | Encolar | Archer |
| 19:37 | Encolar | Archer |
| 19:46 | Investigar | Fletching |
| 19:46 | Investigar | Fletching |
| 19:49 | Construir | Farm |
| 19:52 | Construir | Lumber Camp |
| 19:59 | Encolar | Archer |
| 20:02 | Construir | Farm |
| 20:29 | Construir | Outpost |
| 20:37 | Encolar | Archer |
| 20:37 | Encolar | Archer |
| 20:43 | Construir | Watch Tower |
| 20:51 | Encolar | Villager (Male) |
| 20:54 | Investigar | Gold Mining |
| 20:56 | Encolar | Archer |
| 20:56 | Encolar | Archer |
| 21:20 | Investigar | Padded Archer Armor |
| 21:24 | Construir | Farm |
| 21:26 | Investigar | Horse Collar |
| 21:26 | Investigar | Horse Collar |
| 21:44 | Encolar | Archer |
| 21:49 | Construir | Lumber Camp |
| 21:56 | Encolar | Archer |
| 21:56 | Encolar | Archer |
| 22:08 | Edad | Edad de los Castillos |
| 22:23 | Construir | Siege Workshop |
| 22:37 | Construir | House |
| 22:38 | Encolar | Villager (Male) |
| 22:45 | Investigar | Bodkin Arrow |
| 22:46 | Investigar | Bodkin Arrow |
| 22:52 | Encolar | Mangonel |
| 22:59 | Encolar | Villager (Male) |
| 23:10 | Encolar | Villager (Male) |
| 23:20 | Investigar | Crossbowman (upgrade) |
| 23:21 | Investigar | Crossbowman (upgrade) |
Build order — Thomas Sankara
Primeras 150 de 253 acciones detectadas
| 0:00 | Encolar | Villager (Male) |
| 0:01 | Construir | House |
| 0:05 | Construir | House |
| 0:06 | Encolar | Villager (Male) |
| 0:09 | Encolar | Villager (Male) |
| 0:24 | Encolar | Villager (Male) |
| 0:24 | Encolar | Villager (Male) |
| 1:24 | Encolar | Villager (Male) |
| 1:24 | Encolar | Villager (Male) |
| 1:52 | Encolar | Villager (Male) |
| 2:17 | Encolar | Villager (Male) |
| 2:17 | Encolar | Villager (Male) |
| 2:45 | Encolar | Villager (Male) |
| 2:46 | Construir | Lumber Camp |
| 2:58 | Construir | House |
| 3:11 | Encolar | Villager (Male) |
| 3:18 | Encolar | Villager (Male) |
| 3:56 | Encolar | Villager (Male) |
| 3:58 | Encolar | Villager (Male) |
| 4:58 | Encolar | Villager (Male) |
| 5:20 | Encolar | Villager (Male) |
| 5:42 | Construir | Mill |
| 5:47 | Encolar | Villager (Male) |
| 5:48 | Investigar | Loom |
| 6:37 | Investigar | Feudal Age |
| 7:55 | Construir | House |
| 8:51 | Edad | Edad Feudal |
| 8:54 | Encolar | Villager (Male) |
| 8:55 | Encolar | Villager (Male) |
| 9:05 | Construir | Town Center |
| 9:12 | Encolar | Villager (Male) |
| 9:20 | Encolar | Villager (Male) |
| 9:32 | Encolar | Villager (Male) |
| 9:35 | Encolar | Villager (Male) |
| 10:23 | Encolar | Villager (Male) |
| 10:25 | Encolar | Villager (Male) |
| 10:44 | Construir | Watch Tower |
| 10:49 | Encolar | Villager (Male) |
| 11:05 | Investigar | Double-Bit Axe |
| 11:13 | Encolar | Villager (Male) |
| 11:44 | Construir | Market |
| 11:47 | Encolar | Villager (Male) |
| 12:08 | Encolar | Villager (Male) |
| 12:13 | Construir | House |
| 12:21 | Construir | House |
| 12:24 | Construir | House |
| 12:30 | Encolar | Villager (Male) |
| 12:42 | Construir | Farm |
| 13:20 | Encolar | Villager (Male) |
| 13:40 | Encolar | Villager (Male) |
| 13:40 | Encolar | Villager (Male) |
| 13:51 | Construir | Watch Tower |
| 13:57 | Encolar | Villager (Male) |
| 14:29 | Construir | House |
| 14:49 | Encolar | Villager (Male) |
| 14:49 | Encolar | Villager (Male) |
| 14:49 | Encolar | Villager (Male) |
| 14:52 | Construir | House |
| 14:54 | Construir | House |
| 14:59 | Construir | Palisade Gate |
| 15:10 | Investigar | Town Watch |
| 15:13 | Construir | Farm |
| 15:16 | Construir | Farm |
| 15:18 | Construir | Farm |
| 15:20 | Encolar | Villager (Male) |
| 15:30 | Construir | Farm |
| 15:32 | Construir | Farm |
| 15:35 | Construir | Farm |
| 15:48 | Construir | Farm |
| 15:59 | Construir | Farm |
| 16:03 | Encolar | Villager (Male) |
| 16:03 | Encolar | Villager (Male) |
| 16:03 | Encolar | Villager (Male) |
| 16:06 | Construir | Farm |
| 16:18 | Encolar | Villager (Male) |
| 16:20 | Construir | Farm |
| 16:50 | Construir | Barracks |
| 16:58 | Construir | Farm |
| 17:03 | Construir | Farm |
| 17:11 | Construir | Farm |
| 17:31 | Construir | Watch Tower |
| 17:42 | Encolar | Villager (Male) |
| 17:48 | Construir | Blacksmith |
| 18:08 | Encolar | Villager (Male) |
| 18:18 | Construir | Stable |
| 18:19 | Encolar | Villager (Male) |
| 19:07 | Construir | Farm |
| 19:10 | Construir | Farm |
| 19:12 | Construir | Farm |
| 19:21 | Construir | Farm |
| 19:26 | Construir | Farm |
| 19:31 | Construir | Farm |
| 19:34 | Construir | Farm |
| 19:48 | Construir | Watch Tower |
| 20:46 | Investigar | Castle Age |
| 21:03 | Construir | Stable |
| 21:07 | Construir | Stable |
| 21:13 | Construir | Farm |
| 21:20 | Construir | Farm |
| 21:22 | Construir | Farm |
| 21:39 | Investigar | Scale Barding Armor |
| 21:45 | Construir | Farm |
| 21:49 | Construir | Farm |
| 22:05 | Construir | Farm |
| 22:08 | Construir | Farm |
| 22:11 | Investigar | Bloodlines |
| 22:31 | Investigar | Forging |
| 22:39 | Construir | Mill |
| 22:47 | Construir | Farm |
| 23:26 | Edad | Edad de los Castillos |
| 23:26 | Investigar | Chain Barding Armor |
| 23:26 | Investigar | Chain Barding Armor |
| 23:28 | Encolar | Knight |
| 23:28 | Encolar | Knight |
| 23:28 | Encolar | Knight |
| 23:31 | Construir | House |
| 23:33 | Construir | House |
| 23:39 | Construir | House |
| 24:00 | Encolar | Knight |
| 24:00 | Encolar | Knight |
| 24:03 | Encolar | Knight |
| 24:03 | Encolar | Knight |
| 24:06 | Encolar | Knight |
| 24:25 | Encolar | Knight |
| 24:25 | Encolar | Knight |
| 24:25 | Encolar | Knight |
| 24:39 | Encolar | Knight |
| 24:39 | Encolar | Knight |
| 25:22 | Encolar | Knight |
| 25:22 | Encolar | Knight |
| 25:26 | Encolar | Knight |
| 25:26 | Encolar | Knight |
| 25:39 | Construir | House |
| 25:56 | Encolar | Knight |
| 25:56 | Encolar | Knight |
| 25:56 | Encolar | Knight |
| 26:01 | Encolar | Knight |
| 26:01 | Encolar | Knight |
| 26:02 | Encolar | Knight |
| 26:02 | Encolar | Knight |
| 26:34 | Construir | Mining Camp |
| 26:51 | Encolar | Villager (Male) |
| 26:52 | Encolar | Villager (Male) |
| 27:24 | Construir | Market |
| 28:07 | Encolar | Knight |
| 28:07 | Encolar | Knight |
| 28:11 | Construir | Stable |
| 28:32 | Encolar | Knight |
| 28:33 | Encolar | Knight |
| 28:35 | Encolar | Villager (Male) |
Cronología de la partida
| 4:44 | La Lisandreta · first_building Barracks |
| 8:02 | La Lisandreta · age_up feudal |
| 8:14 | La Lisandreta · first_building Archery Range |
| 8:51 | Thomas Sankara · age_up feudal |
| 10:40 | La Lisandreta · wall_segment Palisade Wall x7 |
| 12:37 | La Lisandreta · wall_segment Palisade Wall x8 |
| 12:54 | La Lisandreta · wall_segment Stone Wall x1 |
| 12:55 | La Lisandreta · wall_segment Stone Wall x1 |
| 13:00 | La Lisandreta · wall_segment Stone Wall x1 |
| 13:47 | Thomas Sankara · first_market_buy 100 stone |
| 15:53 | La Lisandreta · wall_segment Palisade Wall x2 |
| 15:54 | La Lisandreta · wall_segment Palisade Wall x4 |
| 16:50 | Thomas Sankara · first_building Barracks |
| 17:19 | Thomas Sankara · first_market_sell 100 food |
| 18:18 | Thomas Sankara · first_building Stable |
| 19:27 | La Lisandreta · first_market_sell 100 wood |
| 22:08 | La Lisandreta · age_up castle |
| 22:18 | La Lisandreta · first_market_buy 100 wood |
| 22:23 | La Lisandreta · first_building Siege Workshop |
| 23:26 | Thomas Sankara · age_up castle |
| 24:31 | La Lisandreta · first_building Monastery |
| 24:41 | La Lisandreta · wall_segment Palisade Wall x1 |
| 24:42 | La Lisandreta · wall_segment Palisade Wall x1 |
| 24:46 | La Lisandreta · wall_segment Palisade Wall x1 |
| 24:47 | La Lisandreta · wall_segment Palisade Wall x1 |
| 33:11 | La Lisandreta · first_building Stable |
| 35:51 | La Lisandreta · first_building Castle |
| 37:40 | Thomas Sankara · resign |
[ ANÁLISIS IA · 1 CRÉDITO ]
¿Qué pasó realmente en esta partida?
Wolo.gg analiza cada decisión: build order, eco, micro, errores típicos por bracket. Análisis personalizado por WhatsApp o Discord en 30 segundos.
Guía civ
Mongoles
Perfil
Jugador #295979